 Dungeon Crawl Stone Soup version 0.23.1-37-gaa34b87b72 (webtiles) character file.

Game seed: 11378391950004130774

59 Norn the Vandal (level 4, -2/30 HPs)
             Began as a Halfling Hunter on Mar 24, 2019.
             Slain by an orc
             ... wielding a +0 vampiric whip
              (6 damage)
             ... on level 2 of the Dungeon.
             The game lasted 00:02:47 (1087 turns).

Norn the Vandal (Halfling Hunter)                   Turns: 1087, Time: 00:02:48

Health: -2/30      AC:  3    Str: 13    XL:     4   Next: 22%
Magic:  4/4        EV: 15    Int: 10    God:
Gold:   64         SH:  0    Dex: 14    Spells: 3/3 levels left

rFire    . . .     SeeInvis .   a - +1 hunting sling
rCold    . . .     Gourm    .   (shield restricted)
rNeg     . . .     Faith    .   c - +0 leather armour
rPois    .         Spirit   .   (no helmet)
rElec    .         Reflect  .   (no cloak)
rCorr    .         Harm     .   (no gloves)
MR       .....                  (no boots)
Stlth    +.........             (no amulet)
HPRegen  0.10/turn              (no ring)
MPRegen  0.09/turn              (no ring)

@: no status effects
A: small, mutation resistance 1
a: no special abilities


You were on level 2 of the Dungeon.
You were not hungry.

You visited 1 branch of the dungeon, and saw 2 of its levels.

You collected 64 gold pieces.

Inventory:

Hand Weapons
 a - a +1 hunting sling (weapon)
 b - a +0 short sword
Missiles
 d - 16 sling bullets
 i - 17 stones (quivered)
Armour
 c - a +0 leather armour (worn)
Wands
 p - a wand of polymorph (8)
   (You found it on level 2 of the Dungeon)
Scrolls
 f - a scroll of amnesia {unknown}
 h - a scroll of enchant armour {unknown}
 j - a scroll of teleportation {unknown}
 k - a scroll of fear {unknown}
 l - a scroll of noise {unknown}
 m - a scroll of identify {unknown}
 n - a scroll of immolation {unknown}
 o - 3 scrolls of remove curse {unknown}
 s - a scroll of magic mapping {unknown}
Potions
 g - a potion of brilliance {unknown}
 q - a potion of might {unknown}
 r - a potion of agility {unknown}
Comestibles
 e - 2 rations {!d}


   Skills:
 + Level 2.4 Fighting
 * Level 7.0 Slings
 + Level 2.9 Dodging
 - Level 1.1 Stealth


You had 3 spell levels left.
You didn't know any spells.
Your spell library was empty.

Dungeon Overview and Level Annotations

Branches:
Dungeon (2/15)

Altars:
Makhleb


Innate Abilities, Weirdness & Mutations

You are small and have problems with some larger weapons.
You are somewhat resistant to further mutation.


Message History

An orc priest comes into view. It is wielding a +0 hand axe.
The orc priest shouts!
You hear an angry hiss.
The orc priest mumbles some strange prayers to Beogh against you.
Pain shoots through your body!
An orc comes into view. It is wielding a +0 vampiric whip.
The orc shouts!
You hear a shout!
Found a stone staircase leading up.
You see here 2 stones.
There are monsters nearby!
There are monsters nearby!
Firing (i - inventory. (/) - cycle)
i - 23 stones (quivered)
Aim: an orc, wielding a +0 vampiric whip and wearing a +0 chain mail You shoot a stone.
The stone hits the orc but does no damage.
You hear a shout!
You hear an angry hiss.
An orc priest comes into view. It is wielding a +0 club.
Firing (i - inventory. (/) - cycle)
i - 22 stones (quivered)
Aim: an orc, wielding a +0 vampiric whip and wearing a +0 chain mail You shoot a stone.
The stone closely misses the orc.
Firing (i - inventory. (/) - cycle)
i - 21 stones (quivered)
Aim: an orc, wielding a +0 vampiric whip and wearing a +0 chain mail You shoot a stone.
The stone hits the orc.
An adder comes into view.
Things that are here:
a +0 flail; a +0 leather armour; an orc corpse You see here a frilled lizard corpse.
Firing (i - inventory. (/) - cycle)
i - 20 stones (quivered)
Aim: an orc, wielding a +0 vampiric whip and wearing a +0 chain mail (lightly wounded)
You shoot a stone.
The stone hits the orc but does no damage.
Firing (i - inventory. (/) - cycle)
i - 19 stones (quivered)
Aim: an orc, wielding a +0 vampiric whip and wearing a +0 chain mail (lightly wounded)
You shoot a stone.
The stone hits the orc but does no damage.
The orc priest begins to cast a cantrip, but forgets the words!
The orc closely misses you.
Firing (i - inventory. (/) - cycle)
i - 18 stones (quivered)
Aim: an orc, wielding a +0 vampiric whip and wearing a +0 chain mail (lightly wounded)
You shoot a stone.
The stone hits the orc but does no damage.
The orc priest invokes the aid of Beogh against you.
Beogh smites you!
* * * LOW HITPOINT WARNING * * *
The orc barely misses you.
The orc priest calls down the wrath of Beogh upon you.
Beogh smites you!
* * * LOW HITPOINT WARNING * * *
There is a stone staircase leading up here.
The orc hits you with a +0 vampiric whip.
You die...

#.........##.# #.# ##...#...###
....####..##.# #.# #..#####....
#...#
#..##.###.#####....#..)###
#...#
#..................#..####
#...#
#...#.######.###..........
#...## #...#.# #.# #..#.######
.....# #...#.# #.# #..#.#
##...# #...#.######.###....#
#...###...#.o.o@..........#
#............#####.###.#.......
#.#.###..o##.## #......#..#####
#.#.###...#...###..###.......
#..................# #.......
###.###.#.#...###### #........#
#.# ##.###.## #........# #o#
### #.# #........# ###.# #.#
#....^..


You could see 2 orc priests and an orc.

Vanquished Creatures
  An adder (D:2)
  An ooze (D:1)
  3 worms (D:2)
  2 dart slugs (D:1)
  3 leopard geckos (D:1)
  An orc (D:2)
  A bat (D:1)
  A giant cockroach (D:1)
  5 goblins
  2 hobgoblins (D:1)
  2 kobolds (D:1)
  A quokka (D:2)
  A ball python (D:1)
  4 frilled lizards
  3 rats (D:1)
31 creatures vanquished.

Notes
Turn   | Place    | Note
-------+----------+-------------------------------------------
     0 | D:1      | Norn the Halfling Hunter began the quest for the Orb.
     0 | D:1      | Reached XP level 1. HP: 14/14 MP: 1/1
    42 | D:1      | Reached skill level 6 in Slings
    44 | D:1      | Reached XP level 2. HP: 19/19 MP: 2/2
   288 | D:1      | Reached XP level 3. HP: 24/24 MP: 3/3
   805 | D:2      | Found a burning altar of Makhleb.
  1000 | D:2      | Reached skill level 7 in Slings
  1000 | D:2      | Reached XP level 4. HP: 30/30 MP: 4/4
  1087 | D:2      | Slain by an orc

Skill      XL: |  1  2  3 |
---------------+----------+-----
Slings         | 6 7 |  7.0
Fighting       | 2 |  2.4
Dodging        | |  2.9
Stealth        | |  1.1

Action                   |  1- 3 |  4- 6 || total
-------------------------+-------+-------++-------
 Fire: Hunting sling     |   102 |    15 ||   117
Armor: Leather armour    |     2 |     1 ||     3
Dodge: Dodged            |    19 |     2 ||    21
